 Dungeon Sprint DCSS version 0.28.0-43-g3370ac3207 (webtiles) character file.

Game seed: 3699020152294019534

14568 boopmooplesden the Minotaur Blade (level 11, -5/189 HPs)
             Began as a Minotaur Berserker on Mar 22, 2022.
             Was the Champion of Trog.
             Slain by Rupert
             ... wielding a +2 battleaxe of electrocution
              (41 damage)
             ... in the Dungeon (Sprint III: "The Ten Rune Challenge").
             The game lasted 00:07:58 (3629 turns).

boopmooplesden the Minotaur Blade (MiBe)            Turns: 3629, Time: 00:07:58

Health: -5/189     AC:  5    Str: 24    XL:     11   Next: 90%
Magic:  10/10      EV: 16    Int:  4    God:    Trog [******]
Gold:   2890       SH:  0    Dex: 12    Spells: 10/10 levels left

rFire   . . .      SeeInvis .   c - +4 triple sword
rCold   . . .      Faith    .   (shield currently unavailable)
rNeg    . . .      Spirit   .   o - +0 leather armour
rPois   .          Reflect  .   s - +1 hat
rElec   +          Harm     .   (no cloak)
rCorr   .          Rampage  .   (no gloves)
Will    .....      NoTele   +   (no boots)
Stlth   ..........              (no amulet)
HPRegen 0.41/turn               (no ring)
MPRegen 0.12/turn               (no ring)

@: berserking (expiring), very quick
A: horns 2, retaliatory headbutt, electricity resistance
a: Renounce Religion, Berserk, Trog's Hand, Brothers in Arms


You were in the Dungeon.
You worshipped Trog.
Trog was exalted by your worship.
You visited 1 branch You collected 2890 gold pieces.

Inventory:

Hand Weapons
 a - a +0 falchion
 c - a +4 triple sword (weapon)
 e - the +5 sword of Power {vorpal}
   (Trog gifted it to you in the Dungeon)

   It inflicts extra damage upon your enemies.
   It occasionally discharges a powerful but inaccurate bolt of energy upon
   striking a foe, with increased chance the greater the wielder's current
   health.
 n - a +2 long sword of holy wrath
 p - a +4 great sword of flaming
 r - a +0 double sword of flaming
Armour
 b - a +0 animal skin
 d - a +2 kite shield of reflection
 o - a +0 leather armour (worn)
 s - a +1 hat (worn)
Jewellery
 t - a ring of poison resistance
Scrolls
 h - a scroll of blinking
 i - a scroll of torment
 j - 2 scrolls of identify
 m - a scroll of immolation
Potions
 f - 2 potions of magic
 g - a potion of berserk rage
 k - 2 potions of flight
 l - 2 potions of mutation
 u - a potion of haste
 v - a potion of curing
 w - a potion of resistance {unknown}
Miscellaneous
 q - a condenser vane


   Skills:
 + Level 20.8 Fighting
 + Level 22.8 Long Blades
 + Level 10.0 Armour
 + Level 12.0 Dodging
 + Level 6.5 Stealth
 + Level 2.1 Evocations


You had 10 spell levels left.
You didn't know any spells.
Your spell library was empty.

Dungeon Overview and Level Annotations

Branches:
Dungeon (1/1)

Altars:
Cheibriados
Dithmenos
Elyvilon
Fedhas
Gozag
Hepliaklqana
Kikubaaqudgha
Makhleb
Nemelex Xobeh
Okawaru
Qazlal
Ru
Sif Muna
Trog
Uskayaw
Vehumet
Wu Jian
Xom
Yredelemnul
Zin
The Shining One
Beogh
Jiyva
Lugonu

Shops:
D ?

Annotations:
D Rupert


Innate Abilities, Weirdness & Mutations

You have a pair of horns on your head.
You reflexively headbutt those who attack you in melee.
You are resistant to electric shocks. (rElec)


Message History

You slash Rupert!
Rupert is lightly wounded.
Rupert hits you with a +2 battleaxe of electrocution.
You slash Rupert!
Rupert is lightly wounded.
You barely miss Rupert.
Rupert is lightly wounded.
Rupert completely misses you.
You completely miss Rupert.
Rupert is lightly wounded.
Rupert hits you with a +2 battleaxe of electrocution!
You barely miss Rupert.
Rupert is lightly wounded.
Rupert barely misses you.
You slice Rupert!! You headbutt Rupert!!
Rupert is moderately wounded.
You slice Rupert!!
Rupert is heavily wounded.
Rupert hits you with a +2 battleaxe of electrocution!
You slash Rupert!
Rupert is heavily wounded.
Rupert hits you with a +2 battleaxe of electrocution!!
You slice Rupert!!
Rupert is severely wounded.
You slash Rupert!
Rupert is severely wounded.
Rupert hits you with a +2 battleaxe of electrocution!!!
You closely miss Rupert.
Rupert is severely wounded.
Rupert hits you with a +2 battleaxe of electrocution!!
You slice Rupert!! Your headbutt misses Rupert.
Rupert is almost dead.
You barely miss Rupert. You headbutt Rupert, but do no damage.
Rupert is almost dead.
Rupert hits you with a +2 battleaxe of electrocution!!
* * * LOW HITPOINT WARNING * * *
You slash Rupert! You headbutt Rupert.
Rupert is almost dead.
Rupert hits you with a +2 battleaxe of electrocution!!!
You die...

▓..........÷......#___#__
▓▓▓▓▓▓▓▓▓▓▓▓▓▓▓▓▓▓▓▓▓▓▓▓▓
▓.÷.'≈≈§§§§≈≈≈♣♣)....♣♣♣
▓.÷P#≈≈≈§§≈§≈.♣♣.≈≈≈≈'♣♣
▓..P#≈≈≈§§§≈≈≈≈'†....#.≈
▓..P#≈≈§§§§≈.≈♣♣♣♣♣♣♣#..
▓...#≈..§≈≈≈≈≈♣ ###
▓##'####+###### ♣
▓......@@...... ♣...
▓#+############ ♣♣.# ..J#
♣. ▓...+ ♣ ▓J..# ▓JJ.#
#+###


You could see Rupert (berserk).

Vanquished Creatures
  Gastronok (D)
  Frances (D)
  Donald (D)
  2 dire elephants (D)
  Erolcha (D)
  An orc high priest (D)
  A deep elf pyromancer (D)
  2 elephants (D)
  2 cane toads (D)
  A rime drake (D)
  A komodo dragon (D)
  A queen bee (D)
  A tyrant leech (D)
  5 blink frogs (D)
  A shadow (D)
  3 wandering mushrooms (D)
  A spatial vortex (D)
  3 redbacks (D)
  An orc warrior (D)
  A swamp drake (D)
  A necrophage (D)
  5 two-headed ogres (D)
  A water elemental (D)
  32 killer bees (D)
  A jelly (D)
  An orc priest (D)
  A wizard (D)
  An orc wizard (D)
  A necromancer (D)
  3 humans (D)
  A kobold demonologist (D)
  A phantom (D)
  8 orcs (D)
  4 rats (D)
92 creatures vanquished.

Vanquished Creatures (collateral kills)
  2 orc high priests (D)
  3 orc warriors (D)
  An orc wizard (D)
6 creatures vanquished.

Vanquished Creatures (others)
  A plant (D)
1 creature vanquished.

Grand Total: 99 creatures vanquished

Notes
Turn   | Place    | Note
-------+----------+-------------------------------------------
     0 | D        | boopmooplesden the Minotaur Berserker began the quest for
                  | the Orb.
     0 | D        | Reached XP level 1. HP: 19/19 MP: 0/0
     8 | D        | Reached skill level 4 in Long Blades
    53 | D        | Reached ** piety under Trog
    78 | D        | Reached skill level 5 in Fighting
    78 | D        | Reached skill level 5 in Long Blades
    78 | D        | Reached XP level 2. HP: 29/29 MP: 1/1
   182 | D        | Gained mutation: You have a somewhat thin skeletal
                  | structure. (Dex +2, Stealth+) [potion of mutation]
   182 | D        | Gained mutation: You passively map a small area around you.
                  | [potion of mutation]
   183 | D        | Lost mutation: You passively map a small area around you.
                  | [potion of mutation]
   183 | D        | Lost mutation: You have a somewhat thin skeletal structure.
                  | (Dex +2, Stealth+) [potion of mutation]
   183 | D        | Gained mutation: You expend magic power (3 MP) to
                  | strengthen your wands. [potion of mutation]
   183 | D        | Gained mutation: You are strong-willed. (Will+) [potion of
                  | mutation]
   183 | D        | Gained mutation: Your magical capacity is low. (-10% MP)
                  | [potion of mutation]
   184 | D        | Lost mutation: Your magical capacity is low. (-10% MP)
                  | [potion of mutation]
   184 | D        | Lost mutation: You expend magic power (3 MP) to strengthen
                  | your wands. [potion of mutation]
   184 | D        | Lost mutation: You are strong-willed. (Will+) [potion of
                  | mutation]
   184 | D        | Gained mutation: You are dopey. (Int -2) [potion of
                  | mutation]
   184 | D        | Gained mutation: Your flesh is heat resistant. (rF+)
                  | [potion of mutation]
   185 | D        | Lost mutation: You are dopey. (Int -2) [potion of mutation]
   185 | D        | Lost mutation: Your flesh is heat resistant. (rF+) [potion
                  | of mutation]
   185 | D        | Gained mutation: You possess an exceptional clarity of
                  | mind. [potion of mutation]
   185 | D        | Lost mutation: You possess an exceptional clarity of mind.
                  | [potion of mutation]
   185 | D        | Gained mutation: You are resistant to electric shocks.
                  | (rElec) [potion of mutation]
   341 | D        | Noticed a water elemental
   346 | D        | Killed a water elemental
   346 | D        | Reached *** piety under Trog
   347 | D        | Reached skill level 7 in Long Blades
   347 | D        | Reached XP level 3. HP: 39/39 MP: 2/2
   347 | D        | Reached XP level 4. HP: 47/47 MP: 3/3
   484 | D        | Found a radiant altar of Vehumet.
   486 | D        | Found a shimmering blue altar of Sif Muna.
   486 | D        | Found an ancient bone altar of Kikubaaqudgha.
   486 | D        | Noticed a wizard
   489 | D        | Killed a wizard
   493 | D        | Reached skill level 8 in Long Blades
   527 | D        | Found a glowing silver altar of Zin.
   527 | D        | Found a glowing golden altar of the Shining One.
   527 | D        | Found a white marble altar of Elyvilon.
   527 | D        | Noticed a deep elf pyromancer
   529 | D        | Noticed a fire elemental
   529 | D        | Noticed a fire elemental
   534 | D        | Killed a deep elf pyromancer
   534 | D        | Reached **** piety under Trog
   535 | D        | Reached skill level 12 in Long Blades
   535 | D        | Reached skill level 5 in Armour
   535 | D        | Reached XP level 5. HP: 30/61 MP: 4/4
   535 | D        | Reached XP level 6. HP: 33/68 MP: 5/5
   535 | D        | Reached XP level 7. HP: 36/74 MP: 6/6
   744 | D        | Found a hide-covered altar of Uskayaw.
   744 | D        | Found an iron altar of Okawaru.
   744 | D        | Found a bloodstained altar of Trog.
   744 | D        | Found an ornate altar of the Wu Jian Council.
   744 | D        | Noticed a human
   744 | D        | Noticed a human
   751 | D        | Killed a human
   752 | D        | Reached skill level 1 in Stealth
   759 | D        | Killed a human
   760 | D        | Reached skill level 13 in Long Blades
   878 | D        | Found a basalt altar of Yredelemnul.
   878 | D        | Found a shadowy altar of Dithmenos.
   878 | D        | Found a sacrificial altar of Ru.
   886 | D        | Reached ***** piety under Trog
  1087 | D        | Noticed a shadow
  1096 | D        | Killed a shadow
  1096 | D        | Received a gift from Trog
  1097 | D        | Reached skill level 14 in Long Blades
  1097 | D        | Reached XP level 8. HP: 61/86 MP: 7/7
  1208 | D        | Found a blossoming altar of Fedhas.
  1208 | D        | Found a stormy altar of Qazlal.
  1208 | D        | Found a snail-covered altar of Cheibriados.
  1208 | D        | Found a burning altar of Makhleb.
  1208 | D        | Found a shimmering altar of Xom.
  1209 | D        | Found a hazy altar of Hepliaklqana.
  1209 | D        | Found an opulent altar of Gozag.
  1209 | D        | Found a sparkling altar of Nemelex Xobeh.
  1209 | D        | Found a corrupted altar of Lugonu.
  1209 | D        | Found a viscous altar of Jiyva.
  1525 | D        | Found Cusa's Magic Scroll Shoppe.
  1527 | D        | Noticed an orc high priest
  1527 | D        | Noticed an orc high priest
  1527 | D        | Noticed an orc high priest
  1528 | D        | Noticed an ice devil
  1536 | D        | Reached skill level 15 in Long Blades
  1539 | D        | Killed an orc high priest
  1540 | D        | Reached skill level 15 in Fighting
  1540 | D        | Reached skill level 16 in Long Blades
  1540 | D        | Reached XP level 9. HP: 84/97 MP: 8/8
  1544 | D        | Killed an orc high priest
  1545 | D        | Reached skill level 17 in Long Blades
  1545 | D        | Received a gift from Trog
  1550 | D        | Noticed a smoke demon
  1550 | D        | Killed an orc high priest
  1560 | D        | Reached ****** piety under Trog
  1633 | D        | Noticed a two-headed ogre
  1641 | D        | Killed a two-headed ogre
  1641 | D        | Received a gift from Trog
  1642 | D        | Reached skill level 18 in Long Blades
  1642 | D        | Reached XP level 10. HP: 85/108 MP: 9/9
  1646 | D        | Noticed Erolcha
  1651 | D        | Killed Erolcha
  1652 | D        | Reached skill level 1 in Evocations
  1663 | D        | Reached skill level 19 in Long Blades
  1670 | D        | Received a gift from Trog
  1670 | D        | Received a gift from Trog
  1671 | D        | Reached skill level 10 in Dodging
  1689 | D        | HP: 4/112 [killer bee (5)]
  1779 | D        | Received a gift from Trog
  1866 | D        | Received a gift from Trog
  2033 | D        | Received a gift from Trog
  2040 | D        | Reached skill level 5 in Stealth
  2243 | D        | Noticed Donald
  2243 | D        | Noticed Frances
  2251 | D        | Killed Frances
  2252 | D        | Reached skill level 20 in Long Blades
  2253 | D        | Killed Donald
  2254 | D        | Reached XP level 11. HP: 79/121 MP: 10/10
  2524 | D        | Received a gift from Trog
  2529 | D        | Reached skill level 21 in Long Blades
  3172 | D        | Received a gift from Trog
  3223 | D        | Noticed a dire elephant
  3223 | D        | Noticed a dire elephant
  3223 | D        | Noticed Gastronok
  3227 | D        | Reached skill level 22 in Long Blades
  3234 | D        | Killed a dire elephant
  3241 | D        | Killed a dire elephant
  3241 | D        | Received a gift from Trog
  3241 | D        | Found the +5 sword of Power {vorpal}
  3247 | D        | Killed Gastronok
  3248 | D        | Reached skill level 10 in Armour
  3608 | D        | Noticed an azure jelly
  3608 | D        | Noticed an azure jelly
  3608 | D        | Noticed an azure jelly
  3608 | D        | Noticed an azure jelly
  3610 | D        | Noticed Rupert
  3613 | D        | Paralysed by Rupert for 3 turns
  3629 | D        | Slain by Rupert

Illustrated notes

Levels and vault maps discovered:
D:        dungeon_sprint_mu [sprint_mu_entry_forest, sprint_mu_temple_rooms,
          sprint_mu_d1_spiders, sprint_mu_d2_genie, sprint_mu_d3_branching,
          sprint_mu_orc_legion, sprint_mu_elf_gauntlet, sprint_mu_hive_nellie,
          sprint_mu_lair_fedhas, sprint_mu_vaults_butterflies,
          sprint_mu_slime_circle, sprint_mu_swamp_cave, sprint_mu_snake_twists,
          sprint_mu_blade_basic, sprint_mu_crypt_chambers,
          sprint_mu_tomb_spiral, sprint_mu_vestibule_basic,
          sprint_mu_gehenna_hellfire, sprint_mu_dis_giant,
          sprint_mu_tartarus_statrot, sprint_mu_cocytus_islands, sprint_mu_zot1]

Skill      XL: |  1  2  3  4  5  6  7  8  9 10 11 |
---------------+----------------------------------+-----
Fighting       | 5 7 11 13 15 16 18 20 | 20.8
Long Blades    | 5 7 12 14 16 18 20 22 | 22.8
Armour         | 3 5 6 7 8 10 | 10.0
Dodging        | 3 6 7 8 9 10 12 | 12.0
Stealth        | 1 2 3 5 6 |  6.5
Evocations     | 1 2 |  2.1

Action                   |  1- 3 |  4- 6 |  7- 9 | 10-12 || total
-------------------------+-------+-------+-------+-------++-------
Melee: Falchion          |    18 |    11 |       |       ||    29
       Headbutt          |     4 |     2 |    15 |    22 ||    43
       Punch             |     2 |       |       |       ||     2
       Long sword        |       |       |    23 |       ||    23
       Great sword       |       |       |    20 |    82 ||   102
       Double sword      |       |       |     7 |    12 ||    19
       Triple sword      |       |       |       |    34 ||    34
Invok: Berserk           |     2 |     2 |     3 |     5 ||    12
       Brothers in Arms  |       |       |     1 |       ||     1
Evoke: Condenser vane    |       |       |     2 |     1 ||     3
  Use: Potion            |     4 |       |       |     6 ||    10
       Scroll            |     2 |       |       |       ||     2
 Stab: Distracted        |       |       |     1 |     1 ||     2
Armor: Animal skin       |       |     2 |       |       ||     2
       Leather armour    |       |       |       |    11 ||    11
Dodge: Dodged            |     9 |     5 |    26 |    82 ||   122
